 Dungeon Crawl Stone Soup version 0.19-a0-1019-g9c6a58d (webtiles) character file.

39 Duffy the Skirmisher (level 3, 0/34 HPs)
             Began as a Minotaur Fighter on July 27, 2016.
             Slain by an ogre
             ... wielding a +0 giant club
              (9 damage)
             ... on level 4 of the Dungeon.
             The game lasted 00:00:48 (778 turns).

Duffy the Skirmisher (Minotaur Fighter)              Turns: 778, Time: 00:00:49

Health: 0/34       AC:  6    Str: 21    XL:     3   Next: 26%
Magic:  2/2        EV:  7    Int:  5    God:
Gold:   52         SH:  9    Dex:  9    Spells: 0 memorised, 2 levels left

rFire  . . .     SeeInvis .     a - +0 war axe
rCold  . . .     Gourm    .     b - +0 scale mail
rNeg   . . .     Faith    .     c - +0 shield
rPois  .         Spirit   .     (helmet restricted)
rElec  .         Dismiss  .     (no cloak)
rCorr  .         Reflect  .     (no gloves)
SustAt .         Harm     .     (no boots)
MR     .....                    (no amulet)
Stlth  ..........               (no ring)
                                (no ring)

@: not resistant to hostile enchantments, extremely unstealthy
A: retaliatory headbutt, horns 2
a: no special abilities


You were on level 4 of the Dungeon.
You were not hungry.

You visited 1 branch of the dungeon, and saw 4 of its levels.

You collected 52 gold pieces.


Innate Abilities, Weirdness & Mutations

You reflexively headbutt those who attack you in melee.
You have a pair of horns on your head.


   Skills:
 + Level 4.4 Fighting
 + Level 3.7 Axes
 - Level 3.6 Armour
 - Level 3.6 Shields


You had 2 spell levels left.
You didn't know any spells.

Inventory:

Hand Weapons
 a - a +0 war axe (weapon)
 e - a +0 battleaxe
Armour
 b - a +0 scale mail (worn)
 c - a +0 shield (worn)
Scrolls
 g - a scroll of amnesia {unknown}
Potions
 d - a potion of might
Comestibles
 f - a bread ration

Dungeon Overview and Level Annotations

Branches:
Dungeon (3/15)

Altars:


Message History

You hit the worm. You headbutt the worm.
The worm is heavily wounded.
You slash the worm!
The worm is almost dead.
You block the worm's attack.
You hit the worm.
You kill the worm!
No target in view!
No target in view!
No target in view!
No target in view!
No target in view!
No target in view!
No target in view!
No target in view!
No target in view!
No target in view!
No target in view!
No target in view!
HP restored.
g - a scroll labeled NIZXIJEZOLA A worm comes into view.
You fall through a shaft!
The shaft crumbles and collapses.
Found 3 bolts.
Found a stone staircase leading down.
An ogre comes into view. It is wielding a giant club.
The ogre shouts!
The ogre hits you with a giant club!
Found a scroll labeled QUSAKKU YGADD.
You see here 3 bolts.
You hit the ogre but do no damage. The ogre hits you with a giant club!
You are too injured to fight recklessly!
You are too injured to fight recklessly!
You are too injured to fight recklessly!
You are too injured to fight recklessly!
You are too injured to fight recklessly!
You are too injured to fight recklessly!
You are too injured to fight recklessly!
You are too injured to fight recklessly!
You are too injured to fight recklessly!
You are too injured to fight recklessly!
You are too injured to fight recklessly!
You are too injured to fight recklessly!
You are too injured to fight recklessly!
You are too injured to fight recklessly!
You hit the ogre.
The ogre is lightly wounded.
The ogre hits you with a giant club!
You die...

.# #.#
?.# ..#
#####..#
#...#..#
#.#.#O.#
#.#.@.>#
..######
...#
....#
.....#
......#
#......#


You could see an ogre.

Action                   || total
-------------------------++-------
Melee: War axe           ||    68
       Headbutt          ||     5
Armor: Scale mail        ||    23
Dodge: Dodged            ||    19
Block: Shield            ||    31

Notes
Turn   | Place    | Note
-------+----------+-------------------------------------------
     0 | D:1      | Duffy the Minotaur Fighter began the quest for the Orb.
     0 | D:1      | Reached XP level 1. HP: 19/19 MP: 0/0
   188 | D:1      | Reached XP level 2. HP: 27/27 MP: 1/1
   195 | D:1      | Reached skill level 3 in Axes
   262 | D:2      | Reached skill level 4 in Fighting
   556 | D:2      | Reached XP level 3. HP: 21/33 MP: 2/2
   773 | D:3      | You fall through a shaft!
   776 | D:4      | Noticed an ogre
   778 | D:4      | Slain by an ogre

Skill      XL: |  1  2 |
---------------+-------+-----
Axes           | 3 |  3.7
Fighting       | 4 |  4.4
Armour         | |  3.6
Shields        | |  3.6

Vault maps used:
D:1:      dpeg_chamrin_arrival_tetris
D:2:      kennysheep_slug_shrine, uniq_robin, uniq_iyjb
D:3:      grunt_temple_overflow_gold_and_silver, old_standard_altar,
          first_bread, minmay_vboxes
D:4:      grunt_ministairs_5

Vanquished Creatures
  An adder
  An ooze
  2 worms
  A giant gecko
  2 bats
  3 goblins
  3 hobgoblins
  2 kobolds
  2 giant newts
  A rat
18 creatures vanquished.
